 Dungeon Crawl Stone Soup version 0.28.0-45-g0d030f2227 (webtiles) character file.

Game seed: 13617345216741455418

58789 pkoi the Thaumaturge (level 14, -11/118 HPs)
             Began as a Demigod Ice Elementalist on Apr 6, 2022.
             Mangled by a death yak (18 damage)
             ... on level 6 of the Lair of Beasts.
             The game lasted 00:59:43 (29429 turns).

pkoi the Thaumaturge (Demigod Ice Elementalist)    Turns: 29429, Time: 00:59:44

Health: -11/118    AC: 17    Str: 13    XL:     14   Next: 16%
Magic:  15/32      EV: 15    Int: 34    God:
Gold:   1785       SH:  0    Dex: 18    Spells: 11/32 levels left

rFire   . . .      SeeInvis +   F - +11 dagger of Mastery {drain, Str+4}
rCold   + + +      Faith    .   (no shield)
rNeg    + . .      Spirit   .   O - +4 ring mail of Noon {Will+ SInv}
rPois   .          Reflect  .   N - +2 hat
rElec   .          Harm     .   E - +1 cloak
rCorr   +          Rampage  .   t - +0 pair of gloves
Will    ++...                   n - +0 pair of boots
Stlth   +.........              y - amulet of regeneration
HPRegen 1.09/turn               z - +6 ring of intelligence
MPRegen 0.23/turn               w - ring of Poofiufa {rC+++ rN+ rCorr Int-5 Dex+4}

@: no status effects
A: high MP 1, forlorn, divine attributes
a: no special abilities


You were on level 6 of the Lair of Beasts.
You visited 2 branches of the dungeon, and saw 17 of its levels.
You also visited: Sewer and Volcano.

You collected 2169 gold pieces.
You spent 384 gold pieces at shops.

Inventory:

Hand Weapons
 F - the +11 dagger of Mastery (weapon) {drain, Str+4}
   (You found it on level 6 of the Dungeon)

   A truly terrible weapon, it drains the life of any living foe it strikes.
   Str:       It affects your strength (+4).
Missiles
 c - 4 throwing nets
 B - 3 curare-tipped darts
 C - 39 poisoned darts
Armour
 n - a +0 pair of boots (worn)
 t - a +0 pair of gloves (worn)
 E - a +1 cloak (worn)
 N - a +2 hat (worn)
 O - the +4 ring mail of Noon (worn) {Will+ SInv}
   (You found it on level 5 of the Dungeon)

   SInv:      It lets you see invisible.
   Will:      It increases your willpower.
Magical Staves
 H - a staff of fire
Jewellery
 e - a ring of wizardry
 k - a ring of protection from fire
 v - a ring of poison resistance
 w - the ring of Poofiufa (right hand) {rC+++ rN+ rCorr Int-5 Dex+4}
   (You found it on level 5 of the Lair of Beasts)

   [ring of positive energy]

   Int:       It affects your intelligence (-5).
   Dex:       It affects your dexterity (+4).
   rC:        It renders you almost immune to cold.
   rN:        It protects you from negative energy.
   rCorr:     It protects you from acid and corrosion.
 y - an amulet of regeneration (around neck)
 z - a +6 ring of intelligence (left hand)
 J - a ring of flight
Wands
 a - a wand of flame (17)
 g - a wand of mindburst (6)
 A - a wand of iceblast (24)
 M - a wand of polymorph (13)
 P - a wand of acid (10)
Scrolls
 b - 2 scrolls of amnesia
 i - 9 scrolls of identify
 m - 3 scrolls of enchant armour
 o - a scroll of blinking
 r - 2 scrolls of immolation
 x - a scroll of magic mapping
 D - 2 scrolls of fear
 I - a scroll of summoning
 L - 4 scrolls of teleportation
Potions
 d - 2 potions of cancellation
 f - a potion of haste
 h - 3 potions of flight
 j - 6 potions of heal wounds
 l - 4 potions of invisibility
 p - a potion of brilliance
 q - 3 potions of magic
 s - a potion of berserk rage
 u - a potion of resistance
 G - a potion of curing
 Q - 4 potions of might


   Skills:
 - Level 9.0 Fighting
 - Level 6.0 Armour
 - Level 9.0 Dodging
 - Level 1.7 Stealth
 + Level 9.9 Spellcasting
 + Level 7.9 Conjurations
 - Level 7.0 Translocations
 - Level 1.4 Fire Magic
 - Level 9.0 Ice Magic
 - Level 8.6 Air Magic
 * Level 4.7 Poison Magic


You had 11 spell levels left.
You knew the following spells:

 Your Spells              Type           Power      Damage    Failure   Level
a - Freeze                Ice            100%       1d11      1%          1
b - Frozen Ramparts       Ice            100%       1d12      1%          3
c - Swiftness             Air            66%        N/A       1%          3
d - Airstrike             Air            33%        N/A       1%          4
e - Iskenderun's Mystic   Conj/Tloc      61%        2d13      2%          4
f - Poisonous Vapours     Pois/Air       100%       N/A       1%          2
g - Olgreb's Toxic Radia  Pois           48%        N/A       8%          4

Your spell library contained the following spells:

 Spells                   Type           Power      Damage    Failure   Level
 Shock                    Conj/Air       100%       1d9       1%          1
 Sting                    Tmut/Pois      100%       1d8       1%          1
 Ensorcelled Hibernation  Hex/Ice        94%        N/A       1%          2
 Ozocubu's Armour         Ice            67%        N/A       1%          3
 Hailstorm                Conj/Ice       65%        3d14      1%          4
 Dazzling Flash           Conj/Hex       86%        N/A       3%          3
 Portal Projectile        Hex/Tloc       80%        N/A       3%          3
 Passwall                 Tmut/Erth      13%        N/A       9%          2
 Leda's Liquefaction      Hex/Erth       8%         N/A       47%         4
 Starburst                Conj/Fire      24%        6d8       77%         6
 Lee's Rapid Deconstruct  Erth           8%         3d8*      83%         5
 Statue Form              Tmut/Erth      10%        N/A       100%        6
 Malign Gateway           Summ/Tloc      20%        N/A       100%        7
 Chain Lightning          Conj/Air       32%        3d43      100%        9


Dungeon Overview and Level Annotations

Branches:
Dungeon (11/15)            Temple (0/1) D:6            Lair (6/6) D:11
  Swamp (0/4) Lair:2        Snake (0/4) Lair:2        Slime (0/5) Lair:6
    Orc (0/2) D:9           Sewer (visited)         Volcano (visited)

Shops:
D:2 *   D:7 :

Annotations:
D:11 exclusion: ice statue


Innate Abilities, Weirdness & Mutations

You have an increased reservoir of magic. (+10% MP)
You shall have no god before yourself.
Your divine heritage dramatically boosts your attributes as you level up.


Message History

* * * LOW HITPOINT WARNING * * *
The wall freezes the death yak.
The death yak barely misses you.
Unknown command.
You hit the death yak but do no damage. You drain the death yak.
You kill the death yak!
The frozen ramparts melt away.
The death yak barely misses you. The death yak gores you!
* * * LOW HITPOINT WARNING * * *
The death yak gores you!
* * * LOW HITPOINT WARNING * * *
Casting: Poisonous Vapours (safe; 1% risk of failure)
Confirm with . or Enter, or press ? or * to list all spells.
You erupt in a blast of force!
The mystic blast hits the death yak!
The death yak is severely wounded.
The death yak is knocked back by the mystic blast.
The mystic blast hits the death yak!
The death yak is severely wounded.
The death yak is knocked back by the mystic blast.
The death yak slams into the rock wall!
The death yak is severely wounded.
The mystic blast hits the death yak!
The death yak is severely wounded.
The death yak is knocked back by the mystic blast.
The death yak slams into the rock wall!
The death yak is severely wounded.
Unknown command.
Casting: Iskenderun's Mystic Blast (mildly dangerous; 2% risk of failure)
Confirm with . or Enter, or press ? or * to list all spells.
You erupt in a blast of force!
The mystic blast hits the death yak!
The death yak is almost dead.
The death yak is knocked back by the mystic blast.
The mystic blast hits the death yak!
The death yak is almost dead.
The death yak is knocked back by the mystic blast.
The death yak slams into the rock wall!
The death yak is almost dead.
The mystic blast hits the death yak!
The death yak is almost dead.
The death yak gores you!!
You die...

## .##### ######
..##.########.##.## #..
#..##..##.#..##.†Y#....#
...........÷....@....Y..
................†Y......
<#....##.#.....#.####...
...#.####......#.## # ..
..##..##.......##.#....#
..#........!...#(.....##
.......................
...P..............P...# #..
##.####.#......##P..#.##....


You could see 3 death yaks.

Vanquished Creatures
  A dire elephant (Lair:2)
  A red draconian (Volcano)
  Harold (D:8)
  A centaur warrior (Volcano)
  6 hydras
  3 boulder beetles
  17 death yaks
  4 two-headed ogres
  A lindwurm (Lair:1)
  A bog body (D:11)
  A will-o-the-wisp (Lair:2)
  14 elephants (Lair:2)
  2 black mambas
  Maggie (D:6)
  4 cane toads
  A freezing wraith (D:11)
  An unseen horror (D:11)
  A rime drake (shapeshifter) (D:11)
  7 komodo dragons
  2 yaktaurs (Volcano)
  5 rime drakes
  An ice devil (D:11)
  8 polar bears
  A troll (D:11)
  A queen bee (D:11)
  14 dream sheep
  6 blink frogs
  Sigmund (D:2)
  A wraith (D:11)
  2 shadows
  A spriggan (Lair:2)
  34 yaks
  2 wyverns
  Eustachio (D:6)
  A basilisk (Lair:3)
  2 steam dragons
  Edmund (D:5)
  4 nagas (Lair:2)
  2 acid dragons
  14 water moccasins
  A hornet zombie (D:5)
  A swamp drake (D:9)
  8 orc warriors
  A black bear (Lair:5)
  An ogre (D:3)
  21 wolves
  9 centaurs
  2 phantoms
  2 kobold brigands
  4 bullfrogs
  2 gnoll sergeants
  A scorpion (D:6)
  A two-headed ogre simulacrum (D:11)
  A wyvern skeleton (D:6)
  15 killer bees
  4 wights (D:6)
  4 howler monkeys
  A jelly (D:5)
  2 bullfrog zombies
  11 orc priests
  6 hounds
  A centaur zombie (D:5)
  Crazy Yiuf (D:2)
  A centaur skeleton (D:5)
  Jessica (D:3)
  3 iguanas
  9 orc wizards
  Ijyb (D:5)
  A polar bear simulacrum (D:11)
  A hound zombie (D:5)
  A hound skeleton (D:4)
  A howler monkey zombie (D:9)
  8 gnolls
  9 adders
  A river rat (D:4)
  2 white imps
  3 ufetubi (D:4)
  2 worms
  2 dart slugs
  40 orcs
  7 endoplasms
  3 giant cockroaches
  6 goblins
  4 hobgoblins
  2 jackals (Sewer)
  12 kobolds
  2 quokkas
  12 ball pythons
  3 bats
  5 frilled lizards
  10 rats
424 creatures vanquished.

Vanquished Creatures (others)
  An adder (D:6)
  6 foxfires (Lair:2)
  105 fungi
  119 plants
231 creatures vanquished.

Grand Total: 655 creatures vanquished

Notes
Turn   | Place    | Note
-------+----------+-------------------------------------------
     0 | D:1      | pkoi the Demigod Ice Elementalist began the quest for the
                  | Orb.
     0 | D:1      | Reached XP level 1. HP: 14/14 MP: 5/5
   397 | D:1      | Got the Compendium of Flying Displacement
   500 | D:1      | Reached XP level 2. HP: 17/20 MP: 5/7
  1328 | D:2      | Noticed Sigmund
  1571 | D:2      | Found Suurr's Assorted Antiques.
  1868 | D:2      | Found a runed translucent door.
  1869 | D:2      | Noticed Crazy Yiuf
  1936 | D:2      | Reached XP level 3. HP: 16/26 MP: 6/8
  2163 | D:2      | Learned a level 3 spell: Frozen Ramparts
  2552 | D:3      | Noticed Jessica
  2567 | D:3      | Killed Jessica
  2978 | D:3      | Noticed an ogre
  2985 | D:3      | Killed an ogre
  2986 | D:3      | Reached skill level 5 in Ice Magic
  2986 | D:3      | Reached XP level 4. HP: 32/33 MP: 4/10
  3291 | D:3      | Reached XP level 5. HP: 19/38 MP: 8/12
  3618 | D:3      | Learned a level 3 spell: Swiftness
  4013 | D:2      | Killed Sigmund
  4014 | D:2      | Reached skill level 1 in Air Magic
  4014 | D:2      | Reached XP level 6. HP: 40/45 MP: 4/14
  4835 | D:4      | Found a glowing drain.
  4856 | Sewer    | Entered a sewer
  5209 | Sewer    | Reached XP level 7. HP: 39/50 MP: 11/16
  5383 | Sewer    | Learned a level 4 spell: Airstrike
  6278 | D:5      | Entered Level 5 of the Dungeon
  7148 | D:2      | Killed Crazy Yiuf
  7244 | D:5      | Identified a scroll of acquirement
  7593 | D:5      | Noticed Ijyb
  7608 | D:5      | Killed Ijyb
  7901 | D:5      | Noticed Edmund
  7913 | D:5      | Killed Edmund
  7970 | D:5      | Reached XP level 8. HP: 34/57 MP: 15/18
  8133 | D:5      | Reached skill level 5 in Spellcasting
  8425 | D:6      | Noticed Maggie
  8625 | D:6      | Noticed Eustachio
  8631 | D:6      | Killed Eustachio
  8632 | D:6      | Reached skill level 1 in Fighting
  8705 | D:6      | Identified the +11 dagger of Mastery {drain, Str+4}
  8771 | D:6      | Reached skill level 5 in Air Magic
  9230 | D:6      | Found a staircase to the Ecumenical Temple.
  9459 | D:6      | Identified the +5 quarterstaff "Killer Bee's Doom" {vamp,
                  | Str+6}
  9860 | D:7      | Found Yxoator's Book Shop.
  9874 | D:7      | Reached XP level 9. HP: 66/67 MP: 10/21
 10837 | D:8      | Noticed Harold
 10853 | D:8      | Killed Harold
 11224 | D:8      | Identified the +1 ring mail "Gisetz" {SInv}
 11345 | D:8      | Reached XP level 10. HP: 72/78 MP: 20/23
 12000 | D:5      | Identified the +4 ring mail of Noon {Will+ SInv}
 12102 | D:6      | Killed Maggie
 12284 | D:6      | Reached XP level 11. HP: 92/92 MP: 24/24
 12285 | D:6      | Acquired 1186 gold pieces
 12345 | D:7      | Bought a book of Spectacle for 384 gold pieces
 12350 | D:7      | Learned a level 4 spell: Iskenderun's Mystic Blast
 12630 | D:9      | Noticed a two-headed ogre
 12639 | D:9      | Killed a two-headed ogre
 12640 | D:9      | Reached skill level 1 in Armour
 12640 | D:9      | Reached skill level 1 in Conjurations
 12640 | D:9      | Reached skill level 1 in Translocations
 14181 | D:9      | Found a staircase to the Orcish Mines.
 14335 | D:10     | Entered Level 10 of the Dungeon
 14380 | D:10     | Noticed a two-headed ogre
 14384 | D:10     | Killed a two-headed ogre
 14745 | D:10     | Noticed a two-headed ogre
 14750 | D:10     | Killed a two-headed ogre
 16012 | D:11     | Noticed a boulder beetle
 16029 | D:11     | Killed a boulder beetle
 16040 | D:11     | Noticed a death yak
 16470 | D:11     | Noticed a bog body
 16514 | D:11     | Killed a bog body
 16719 | D:11     | Noticed a death yak
 16719 | D:11     | Noticed a death yak
 16751 | D:10     | Learned a level 2 spell: Poisonous Vapours
 16913 | D:11     | Noticed a death yak
 16914 | D:11     | Noticed a death yak
 17000 | D:10     | Killed a death yak
 17115 | D:10     | Killed a death yak
 17116 | D:10     | Reached skill level 1 in Poison Magic
 17116 | D:10     | Reached XP level 12. HP: 100/100 MP: 27/27
 17471 | D:11     | Found a staircase to the Lair.
 18272 | D:11     | Reached skill level 5 in Armour
 18272 | D:11     | Reached skill level 5 in Conjurations
 18415 | D:11     | Reached skill level 5 in Translocations
 19004 | Lair:1   | Entered Level 1 of the Lair of Beasts
 19119 | Lair:1   | Found a dark tunnel.
 19131 | Volcano  | Entered a volcano
 19191 | Volcano  | Noticed a centaur warrior
 19196 | Volcano  | Killed a centaur warrior
 19300 | Volcano  | Noticed a red draconian
 19456 | Volcano  | Killed a red draconian
 21006 | Lair:2   | Noticed a boulder beetle
 21012 | Lair:2   | Killed a boulder beetle
 21419 | Lair:2   | Found a staircase to the Swamp.
 21613 | Lair:2   | Noticed a dire elephant
 21686 | Lair:2   | Killed a dire elephant
 21687 | Lair:2   | Reached XP level 13. HP: 55/106 MP: 25/30
 22519 | Lair:2   | Found a staircase to the Snake Pit.
 26042 | Lair:4   | Learned a level 4 spell: Olgreb's Toxic Radiance
 27377 | Lair:5   | Reached skill level 1 in Fire Magic
 27597 | Lair:5   | Identified the ring of Poofiufa {rC+++ rN+ rCorr Int-5
                  | Dex+4}
 28202 | Lair:6   | Entered Level 6 of the Lair of Beasts
 28404 | Lair:6   | Reached XP level 14. HP: 116/116 MP: 1/32
 29085 | Lair:6   | Found a staircase to the Slime Pits.
 29427 | Lair:6   | HP: 4/118 [death yak (12)]
 29429 | Lair:6   | Mangled by a death yak

Illustrated notes

Levels and vault maps discovered:
D:1:      tarquinn_simple_flora_water_a, layout_loops_ring,
          chequers_serial_rivers_small_3, hangedman_decor_clover_reticule,
          bh_walls_and_bars
D:2:      layout_basic, serial_shops, shop, ebering_ecumenical_altar_mist,
          uniq_sigmund, uniq_crazy_yiuf_cottage
D:3:      layout_rooms, nicolae_overflow_ecumenical_swirl,
          mainiacjoe_overflow_alcove_1, uniq_jessica
D:4:      layout_basic, lemuel_round_altar, portal_sewer_entry_b
D:5:      layout_loops_ring, nicolae_overflow_hidden_temple, uniq_ijyb,
          uniq_edmund
D:6:      wander_river, layout_gridville, minmay_temple_entry_glassed_door,
          kennysheep_cluttered_room, uniq_eustachio, uniq_maggie
D:7:      layout_cave_pools, makhleb_heckhound_becter, serial_shops, shop_statue
D:8:      layout_basic, uniq_harold
D:9:      layout_basic, nicolae_wu_jian_wuxing_cycle,
          mainiacjoe_overflow_surrounded_room, erik_orc_1,
          hangedman_decor_riveting
D:10:     layout_irregular_city, tgw_sif
D:11:     dreamdust_isle_of_ice, layout_basic, dpeg_lair_monsters,
          serial_co_window_serial, co_window_paths_b, co_window_paths_b,
          co_window_cross_1, co_window_of_opportunity_a, co_window_paths_b,
          co_window_corner_ca, co_window_corner_b, co_window_2corner,
          kennysheep_doodads, fungi_pond_lemuel, nicolae_looking_at_the_future
Lair:1:   layout_roguey, nicolae_volcano_entry_vermiform, lemuel_centaur_altar
Lair:2:   mu_elephants_graveyard, layout_cave_pods, minmay_swamp_entry_wisps,
          guppyfry_snake_entry_garden
Lair:3:   layout_chaotic_city, grunt_megastairs_2, infiniplex_staircase_pool
Lair:4:   layout_regular_city
Lair:5:   layout_roguey
Lair:6:   hangedman_lair_caniforms_friends, layout_regular_city,
          hangedman_lair_in_review, slime_dummy, minivault_24,
          cheibrodos_lair_lostbears, uniq_rupert

Skill      XL: |  1  2  3  4  5  6  7  8  9 10 11 12 13 14 |
---------------+-------------------------------------------+-----
Ice Magic      | 4 5 6 7 8 9 |  9.0
Spellcasting   | 2 3 4 5 6 7 8 9 |  9.9
Air Magic      | 1 2 4 5 7 8 |  8.6
Dodging        | 3 4 7 9 |  9.0
Fighting       | 2 3 7 8 9 |  9.0
Armour         | 4 6 |  6.0
Conjurations   | 4 6 7 |  7.9
Translocations | 4 6 7 |  7.0
Poison Magic   | 1 3 4 |  4.7
Fire Magic     | 1 |  1.4
Stealth        | |  1.7

Action                   |  1- 3 |  4- 6 |  7- 9 | 10-12 | 13-15 || total
-------------------------+-------+-------+-------+-------+-------++-------
Melee: Dagger            |    33 |    12 |   109 |   142 |   153 ||   449
       Scythe            |       |    33 |    19 |       |       ||    52
       Quarterstaff      |       |       |    35 |       |       ||    35
       Punch             |       |       |     3 |     1 |     4 ||     8
       Staff             |       |       |       |     3 |       ||     3
 Cast: Freeze            |    42 |    19 |    21 |     4 |       ||    86
       Frozen Ramparts   |     2 |    16 |    33 |    35 |    30 ||   116
       Airstrike         |       |       |    15 |   153 |   128 ||   296
       Poisonous Vapours |       |       |       |    57 |    89 ||   146
       Iskenderun's Myst |       |       |       |    11 |     2 ||    13
Evoke: Wand              |       |       |       |     1 |       ||     1
  Use: Scroll            |     4 |     4 |     3 |     9 |     3 ||    23
       Potion            |     3 |     1 |       |     1 |     2 ||     7
 Stab: Sleeping          |     2 |     3 |     4 |       |       ||     9
Armor: Robe              |     8 |    16 |    44 |       |       ||    68
       Ring mail         |       |       |       |    93 |    79 ||   172
Dodge: Dodged            |    40 |    58 |   123 |   121 |   137 ||   479
